Map: Sonho Sempiterno LE

Players

Artcs - Winner!

  • Race: Terran Terran
  • League: Master
  • Spawn Location: 7:00

I.A. 1 (Muito fácil)

  • Race: Protoss Protoss
  • Spawn Location: 1:00

VOD

Have the link to the VOD?

Description

Time

  • Played on: April 29, 2020, 9:39 p.m.
  • Length: 9:24
Show
View Real Time Build Order
Export as new Build Order

Artcs Terran - Winner!

Build Orders: Reaper Expand 

Get SALT Encoding   

  12  0:01  SCV  
  13  0:13  SCV  
  14  0:17  Supply Depot  
  14  0:25  SCV  
  15  0:38  SCV  
  15  0:40  Barracks  
  16  0:44  Refinery  
  16  0:50  SCV  
  17  1:03  SCV  
  18  1:16  SCV  
  19  1:32  Reaper  
  21  1:33  Orbital Command  
  20  1:46  Command Center  
  20  2:00  SCV  
  21  2:06  Marine  
  22  2:13  Supply Depot  
  22  2:15  Factory  
  22  2:20  SCV  
  23  2:27  Barracks Reactor  
  23  2:32  Refinery  
  23  2:34  SCV  
  24  2:47  SCV  
  25  2:59  SCV, Orbital Command  
  25  3:03  Starport  
  25  3:05  Marine x2  
  28  3:09  Widow Mine  
  28  3:11  SCV  
  31  3:23  SCV, Marine x2  
  31  3:25  SCV  
  35  3:30  Bunker  
  35  3:32  Widow Mine  
  37  3:35  SCV  
  37  3:37  SCV  
  37  3:39  Medivac  
  37  3:40  Marine  
  42  3:46  Marine  
  42  3:47  SCV  
  44  3:50  Supply Depot  
  44  3:53  Supply Depot  
  44  3:55  SCV  
  45  3:58  Marine  
  46  4:04  Factory Tech Lab  
  46  4:09  Starport Tech Lab  
  46  4:12  SCV  
  46  4:14  Marine  
  48  4:19  Barracks  
  48  4:20  SCV, Barracks  
  48  4:24  SCV  
  50  4:25  Supply Depot  
  50  4:27  Supply Depot  
  50  4:32  SCV, Raven  
  50  4:34  Marine x2  
  50  4:36  Siege Tank  
  58  4:41  Refinery  
  58  4:45  SCV  
  58  4:52  Marine x2  
  61  4:55  SCV  
  61  4:58  SCV  
  63  5:05  Supply Depot  
  62  5:07  SCV  
  62  5:10  SCV  
  62  5:12  Barracks Tech Lab  
  63  5:14  Marine x2  
  64  5:22  SCV  
  64  5:25  Stimpack  
  64  5:27  Starport Reactor  
  64  5:28  Marauder  
  67  5:30  Combat Shield  
  67  5:33  Marauder, Marine  
  70  5:36  Supply Depot  
  70  5:39  Supply Depot  
  70  5:40  SCV  
  71  5:43  SCV  
  71  5:45  Refinery  
  72  5:50  Marine  
  72  5:51  Marauder  
  72  5:52  SCV  
  72  5:55  SCV, Marine  
  72  5:56  Marauder  
  80  5:58  Siege Tank  
  80  6:01  Command Center  
  83  6:04  Medivac  
  85  6:12  Medivac  
  85  6:13  Marine  
  88  6:19  Marine  
  88  6:20  Barracks  
  88  6:21  Barracks  
  88  6:23  Marauder, Marine  
  88  6:24  SCV  
  93  6:26  Supply Depot  
  93  6:30  SCV  
  93  6:31  Marine  
  95  6:36  SCV  
  95  6:37  Marine  
  97  6:41  Marauder  
  97  6:42  SCV  
  97  6:44  Marauder  
  102  6:47  Siege Tank  
  102  6:48  Medivac  
  102  6:49  Marine  
  102  6:52  Supply Depot  
  108  6:55  Marine  
  108  6:56  SCV  
  108  7:00  Supply Depot  
  108  7:01  Supply Depot  
  110  7:02  Engineering Bay  
  110  7:06  Engineering Bay  
  110  7:12  Marine x2  
  110  7:13  SCV, Marauder  
  115  7:27  Marine  
  115  7:28  Widow Mine  
  119  7:30  Marauder  
  119  7:32  SCV x2, Orbital Command  
  119  7:34  Medivac x2, Marauder  
  119  7:35  Barracks Tech Lab x2  
  128  7:44  SCV  
  129  7:46  Marine  
  129  7:48  Marine  
  129  7:49  Widow Mine  
  129  7:50  SCV  
  134  7:57  SCV, Marine  
  134  7:58  Marine  
  137  8:00  SCV  
  137  8:02  SCV  
  137  8:03  Marine  
  137  8:04  Medivac  
  140  8:15  Starport  
  140  8:17  Barracks  
  140  8:20  Barracks  
  140  8:24  Marauder, Marine x2  
  140  8:25  Marauder  
  140  8:26  SCV x2  
  148  8:29  SCV  
  149  8:51  Ghost Academy  
  149  8:52  Supply Depot  
  149  8:54  Ghost Academy  
  149  8:56  Supply Depot  
  149  9:03  Supply Depot  
  149  9:04  SCV x3, Marine x2  
  149  9:05  Armory, Supply Depot  
  149  9:06  Supply Depot  
  149  9:09  Refinery x2  
  156  9:10  Starport Reactor  
Show
View Real Time Build Order
Export as new Build Order

I.A. 1 (Muito fácil) Protoss 

Build Orders:  

Get SALT Encoding   

  12  0:00  Probe  
  13  0:13  Probe  
  14  0:19  Pylon  
  14  0:36  Assimilator  
  14  0:42  Gateway  
  14  0:46  Pylon  
  14  1:14  Assimilator  
  14  1:24  Probe  
  14  1:30  Zealot  
  14  1:32  Probe  
  17  1:33  Cybernetics Core  
  18  1:40  Probe  
  19  1:50  Probe  
  20  2:00  Probe  
  20  2:08  Probe  
  21  2:09  Warp Gate  
  22  2:42  Stalker  
  24  4:52  Probe  
  17  5:00  Probe  
  18  5:08  Probe  
  19  5:16  Probe  
  20  5:25  Probe  
  21  5:36  Probe  
  22  5:48  Probe  
  23  6:00  Probe  
  24  7:14  Probe  
  24  7:20  Adept  
  24  7:21  Pylon  
  24  7:22  Probe  
  25  7:24  Robotics Facility  
  24  7:32  Probe  
  22  7:38  Pylon  
  22  7:40  Probe, Pylon  
  16  8:08  Nexus  
  14  8:14  Assimilator  
  14  8:19  Pylon  
  11  8:39  Pylon  
Tags
 
Add a new tag
Caveats
  • Supply blocks, unpowered buildings, or Contaminate may cause inaccurate times.
  • Supply counts are checked every 10 seconds.